 Dungeon Crawl Stone Soup version 0.28-a0-1524-ge72afd5fc6 (webtiles) character file.

Game seed: 15270951182746271919

267 psuckher the Sneak (level 6, -1/50 HPs)
             Began as a Barachi Delver on Jan 17, 2022.
             Slain by an elf skeleton (6 damage)
             ... on level 5 of the Dungeon.
             The game lasted 00:02:16 (232 turns).

psuckher the Sneak (Barachi Delver)                  Turns: 232, Time: 00:02:16

Health: -1/50      AC:  3    Str: 15    XL:     6   Next: 21%
Magic:  6/6        EV: 12    Int: 12    God:
Gold:   12         SH:  0    Dex: 14    Spells: 5/5 levels left

rFire   . . .      SeeInvis .   h - +7 mace of Variability {chain chaos}
rCold   . . .      Faith    .   (shield currently unavailable)
rNeg    + . .      Spirit   .   j - +0 leather armour "Vikk" {-Tele rN+ Int+2}
rPois   .          Reflect  .   (no helmet)
rElec   .          Harm     .   (no cloak)
rCorr   .          Rampage  .   (no gloves)
Will    .....      NoTele   +   (no boots)
Stlth   +++.......              (no amulet)
HPRegen 0.16/turn               (no ring)
MPRegen 0.10/turn               (no ring)

@: slow
A: amphibious, slowness 1, strong legs 1, +LOS
a: Hop


You were on level 5 of the Dungeon.
You visited 1 branch of the dungeon, and saw 1 of its levels.

You collected 12 gold pieces.

Inventory:

Hand Weapons
 a - a +0 falchion
 h - the +7 mace of Variability (weapon) {chain chaos}
   (You found it on level 5 of the Dungeon)

   Each time it hits an enemy it has a different, random effect.
   It occasionally unleashes arcs of chaos on nearby creatures upon striking a
   foe.
Armour
 b - a +0 leather armour
 i - a +1 ring mail of cold resistance
 j - the +0 leather armour "Vikk" (worn) {-Tele rN+ Int+2}
   (You found it on level 5 of the Dungeon)

   Int:       It affects your intelligence (+2).
   rN:        It protects you from negative energy.
   -Tele:     It prevents most forms of teleportation.
Wands
 g - a wand of digging (2)
Scrolls
 c - a scroll of fog
 d - a scroll of magic mapping
 l - a scroll of enchant armour {unknown}
Potions
 f - a potion of haste
 k - a potion of curing {unknown}


   Skills:
 + Level 4.9 Fighting
 + Level 2.5 Long Blades
 + Level 2.7 Maces & Flails
 + Level 0.2 Armour
 + Level 2.9 Dodging
 + Level 6.1 Stealth


You had 5 spell levels left.
You didn't know any spells.
Your spell library contained the following spells:

 Spells                   Type           Power      Damage    Failure   Level
 Confusing Touch          Hex            0%         N/A       77%         3
 Yara's Violent Unravell  Hex/Tmut       0%         3d3       100%        5
 Enfeeble                 Hex            0%         N/A       100%        7


Dungeon Overview and Level Annotations

Branches:
Dungeon (5/15)
 Temple: D:4-7

Altars:

Portals:
Ossuary: D:5


Innate Abilities, Weirdness & Mutations

You are amphibious.
You cover ground slowly.
You can hop short distances.
You have an extended range of vision and can be seen from far away.


Message History

The human zombie is heavily damaged.
The human zombie closely misses you.
You closely miss the human zombie.
The human zombie is heavily damaged.
You hear the hiss of an avalanche of sand.
The human zombie hits you. The human zombie barely misses you.
You bludgeon the human zombie!! You freeze the human zombie.
The human zombie is almost destroyed.
The human zombie barely misses you.
You sock the human zombie!
You destroy the human zombie!
You open the door.
There is an open door here.
You open the door.
There is an open door here.
There is an open door here.
You open the door.
An elf skeleton comes into view.
Found a sand-covered staircase.
You sock the elf skeleton!
The elf skeleton flickers and vanishes!
Deactivating autopickup; reactivate with Ctrl-A.
Something hits you. Something hits you. Something hits you.
You closely miss something. Something hits you!
You barely miss something. Something hits you but does no damage.
You bludgeon something!! You freeze something.
Something hits you but does no damage. Something hits you!
You closely miss something. Something hits you.
* * * LOW HITPOINT WARNING * * *
You closely miss something. Something hits you.
* * * LOW HITPOINT WARNING * * *
As you read the scroll of fear, it crumbles to dust.
You assume a fearsome visage.
Nothing appears to happen.
Something hits you.
* * * LOW HITPOINT WARNING * * *
You barely miss something. Something barely misses you.
You closely miss something. Something hits you.
* * * LOW HITPOINT WARNING * * *
You miss something. Something hits you but does no damage. Something hits you.
You die...

#.# #..#.#.#.# #.#
#..#.#.#.#
########.####..#<#.#.#
.................>...###
.........####.[....#...#
###........#########.##...#
# #.###.#### +.#.'.#[# ##.#
# #.#....#.###'#'###.# #
#.#.#..#.#.'..@{∩#.#
#.#.#....###...###.#
#.#.#.####.'...+ #.#
#.#......###'#'###.#
#.###.####.'.#...'.# #.#
########### #.# #.# #.#


There were no monsters in sight!

Vanquished Creatures
  A scorpion (D:5)
  2 elf skeletons (D:5)
  A human zombie (D:5)
  A bullfrog skeleton (D:5)
  A human skeleton (D:5)
  An adder skeleton (D:5)
7 creatures vanquished.

Notes
Turn   | Place    | Note
-------+----------+-------------------------------------------
     0 | D:5      | Found the +7 mace of Variability {chain chaos}
     0 | D:5      | psuckher the Barachi Delver began the quest for the Orb.
     0 | D:5      | Reached XP level 1. HP: 18/18 MP: 1/1
    25 | D:5      | Identified the +0 leather armour "Vikk" {-Tele rN+ Int+2}
    98 | D:5      | Reached skill level 5 in Stealth
    98 | D:5      | Reached XP level 2. HP: 11/25 MP: 2/2
    98 | D:5      | Reached XP level 3. HP: 14/30 MP: 3/3
   150 | D:5      | Noticed a scorpion
   155 | D:5      | Killed a scorpion
   156 | D:5      | Reached skill level 1 in Maces & Flails
   156 | D:5      | Reached XP level 4. HP: 28/37 MP: 4/4
   170 | D:5      | Reached skill level 6 in Stealth
   170 | D:5      | Reached XP level 5. HP: 32/42 MP: 5/5
   196 | D:5      | Reached XP level 6. HP: 33/50 MP: 6/6
   220 | D:5      | Found a sand-covered staircase.
   232 | D:5      | Slain by an elf skeleton

Illustrated notes

Levels and vault maps discovered:
D:5:      layout_basic, nicolae_ossuary_entry_catacombs, serial_shops,
          nicolae_shop_bloodbath_and_beyond, serial_bayou_pond_c

Skill      XL: |  1  2  3  4  5 |
---------------+----------------+-----
Stealth        | 5 6 |  6.1
Fighting       | 4 |  4.9
Maces & Flails | 1 2 |  2.7
Long Blades    | |  2.5
Armour         | |  0.2
Dodging        | |  2.9

Action                   |  1- 3 |  4- 6 || total
-------------------------+-------+-------++-------
Melee: Great mace        |     8 |    26 ||    34
Evoke: Wand              |     1 |       ||     1
  Use: Scroll            |       |     1 ||     1
 Stab: Sleeping          |       |     2 ||     2
Armor: Leather armour    |     3 |     4 ||     7
Dodge: Dodged            |     4 |    13 ||    17

Table legend: (Time is in decaauts)
 A = Elapsed time spent in this place.
 B = Non-inter-level travel time spent in this place.
 C = Inter-level travel time spent in this place.
 D = Time resting spent in this place.
 E = Time spent auto-exploring this place.
 F = Levels seen in this place.
 G = Mean time per level.
                   A        B        C        D        E       F      G
               +--------+--------+--------+--------+--------+-----+--------+
         Total |    285 |    285 |      0 |      0 |      0 |   1 |  285.0 |
       Dungeon |    285 |    285 |      0 |      0 |      0 |   1 |  285.0 |
               +--------+--------+--------+--------+--------+-----+--------+

Top non-repeatable levels by time:
     D:5: 285 daAuts
